Cogmind - Beta 16.1 @@@ ROGUE MODE // 2026.02.24 @ 05:48:32 // Winter2019/RPGLIKE Player: daniels1231 Result: Self-destructed Performance ------------- Evolutions (2) 1000 Regions Visited (4) 800 Robots Destroyed (22) 110 Value Destroyed (635) 635 Prototype IDs (0) 0 Alien Tech Used (0) 0 Bonus (62) 62 TOTAL SCORE: 2607 Bonus ------- Follower Combat Kills 62 Cogmind --------- Core Integrity 128/600 Matter 250/300 Energy 250/250 System Corruption 0% Temperature Cool (34) Movement Rolling (100) Location -8/Materials Parts ------- > --- POWER (1) -------- Ion Engine > --- PROPULSION (2) --- Compact Wheel Compact Wheel > --- UTILITY (2) ------ Field Recycling Unit > --- WEAPON (2) ------- Beam Rifle Rocket Launcher > --- INVENTORY (0) ---- (None) Peak State ------------ > --- POWER ------------ Ion Engine > --- PROPULSION ------- Compact Wheel Compact Wheel > --- UTILITY ---------- Light Armor Plating Field Recycling Unit > --- WEAPON ----------- Beam Rifle Spread Laser > --- INVENTORY -------- (None) [Rating: 10] Favorites ----------- Power Ion Engine Engine Ion Engine Propulsion Compact Wheel Treads Light Treads Wheel Compact Wheel Utility Light Armor Plating Device Field Recycling Unit Protection Light Armor Plating Weapon Beam Rifle Energy Gun Beam Rifle Ballistic Gun Assault Rifle Launcher Rocket Launcher Build | -11 -10 -9 -9 -8 ------- Run | Yrd Mat Mat Min Mat Slots Evolved 3 | 3 . . . . Power . | . . . . . Propulsion 1 | 1 . . . . Utility 1 | 1 . . . . Weapon 1 | 1 . . . . Parts Attached 14 | 7 5 2 . . Power 1 | 1 . . . . Engine 1 | 1 . . . . Core . | . . . . . Reactor . | . . . . . Propulsion 4 | 4 . . . . Treads 2 | 2 . . . . Leg . | . . . . . Wheel 2 | 2 . . . . Hover . | . . . . . Flight . | . . . . . Utility 3 | . 3 . . . Device 1 | . 1 . . . Storage . | . . . . . Processor . | . . . . . Hackware . | . . . . . Protection 2 | . 2 . . . Artifact . | . . . . . Weapon 6 | 2 2 2 . . Energy Gun 3 | 1 2 . . . Energy Cannon . | . . . . . Ballistic Gun 1 | 1 . . . . Ballistic Cannon . | . . . . . Launcher 2 | . . 2 . . Special Weapon . | . . . . . Impact Weapon . | . . . . . Slashing Weapon . | . . . . . Piercing Weapon . | . . . . . Special Melee Weapon . | . . . . . Unidentified Prototypes . | . . . . . Parts Lost 1 | . . . 1 . Power . | . . . . . Propulsion . | . . . . . Utility 1 | . . . 1 . Weapon . | . . . . . Highest Loss Streak 1 | . . . 1 . To Critical Strikes . | . . . . . Average Backups . | . . . . . Power . | . . . . . Propulsion . | . . . . . Utility . | . . . . . Weapon . | . . . . . Tool/Special . | . . . . . Unused Backups . | . . . . . Power . | . . . . . Propulsion . | . . . . . Utility . | . . . . . Weapon . | . . . . . Tool/Special . | . . . . . Average Slot Usage (%) 93 | . 97 100 90 85 Engine 14 | . 14 14 14 14 Wheel 28 | . 28 28 28 28 Device 10 | . 1 14 14 14 Protection 11 | . 24 14 4 . Energy Gun 15 | . 15 17 14 14 Ballistic Gun 3 | . 12 . . . Launcher 9 | . . 10 14 14 Peak Build Rating 10 | 5 10 10 10 9 Average Rating 8 | 3 7 9 9 9 On Entrance 6 | . 5 10 10 9 Avg Prop Armor Cover (%) . | . . . . . Naked Turns . | . . . . . Heaviest Build 23 | 9 22 23 23 20 Greatest Support 40 | 40 32 32 32 32 Greatest Overweight (x) 1 | 1 . . . . Average Overweight (x) . | . . . . . Largest Inventory Capacity . | . . . . . Average Capacity . | . . . . . Most Carried . | . . . . . Average Carried . | . . . . . Final Capacity . | . . . . . Final Carried . | . . . . . Class Distribution -------------------- 58% | Mutant 41% | Hacker-Mutant Dominant Class ---------------- Mutant | -10/Materials Mutant | -9/Materials Hacker-Mutant | -9/Mines Hacker-Mutant | -8/Materials Resources | -11 -10 -9 -9 -8 ----------- Run | Yrd Mat Mat Min Mat Matter Collected 543 | 140 183 220 . . Remotely . | . . . . . Salvage Created 470 | . 157 313 . . Parts 37 | . 9 24 4 . Haulers Intercepted . | . . . . . Recyclers Shooed 1 | 1 . . . . Parts Field Recycled . | . . . . . Retrieved Matter . | . . . . . Parts Self-Destructed . | . . . . . Prevented . | . . . . . Parts Restored . | . . . . . Kills | -11 -10 -9 -9 -8 ------- Run | Yrd Mat Mat Min Mat Combat Hostiles Destroyed 15 | . 2 10 3 . Guns 4 | . 2 2 . . AOE 10 | . . 8 2 . Classes Destroyed 7 | . 2 5 . . Builder 2 | . . 2 . . Recycler 1 | . . 1 . . Watcher 4 | . 2 2 . . Swarmer 3 | . . 3 . . Grunt 8 | . 2 4 2 . Duelist 2 | . . 1 1 . Sentry 2 | . . 2 . . Best Kill Streak 10 | . 3 10 3 . Combat Bots Only 6 | . 2 6 3 . Max Kills in Single Turn 3 | . 1 3 1 . Gunslinging . | . . . . . Exploded 2 | . . 2 1 . Melee . | . . . . . Uniques/NPCs Destroyed . | . . . . . Combat | -11 -10 -9 -9 -8 -------- Run | Yrd Mat Mat Min Mat Hostile Shots Fired 59 | . 7 28 10 14 Missed 16 | . 3 5 4 4 Hits 43 | . 4 23 6 10 Projectile 43 | . 4 23 6 10 Critical Strikes 1 | . 1 . . . Damage Taken 742 | 34 61 411 75 161 Core 541 | 26 41 286 53 135 Absorbed by Shields . | . . . . . Redirected to Core 408 | 26 41 205 53 83 Core Remaining (%) 75 | 95 88 . 43 . Volleys Fired 43 | 1 13 24 5 . Largest 2 | 2 2 2 2 . Hottest 121 | 60 121 86 89 . Shots Fired 79 | 2 26 41 10 . Gun 57 | 2 26 24 5 . Cannon . | . . . . . Launcher 22 | . . 17 5 . Special . | . . . . . Kinetic 11 | 1 10 . . . Thermal 35 | . 6 24 5 . Explosive 22 | . . 17 5 . Electromagnetic 11 | 1 10 . . . Robot Hit Streak 9 | 1 9 7 5 . Robot Miss Streak 3 | 1 2 3 1 . Penetration Max . | . . . . . Secondary Targets . | . . . . . Shots Hit Robots 43 | 1 15 20 7 . Core Hits 38 | . 10 22 6 . Critical Kills . | . . . . . Critical Parts Destroyed . | . . . . . Critical Strikes 1 | . . 1 . . Burn 1 | . . 1 . . Melee Attacks . | . . . . . Impact . | . . . . . Slashing . | . . . . . Piercing . | . . . . . Sneak Attacks . | . . . . . Combat Hostiles . | . . . . . Follow-up Attacks . | . . . . . Damage Inflicted 1708 | 38 220 1081 369 . Guns 474 | 13 220 185 56 . Cannons . | . . . . . Explosions 1234 | 25 . 896 313 . Melee . | . . . . . Ramming . | . . . . . Kinetic 73 | . 73 . . . Thermal 349 | 25 83 185 56 . Explosive 1109 | . . 796 313 . Electromagnetic 177 | 13 64 100 . . Impact . | . . . . . Slashing . | . . . . . Piercing . | . . . . . Highest Corruption . | . . . . . Average Corruption . | . . . . . Corruption Purged . | . . . . . Corruption Blocked . | . . . . . Overload Shots . | . . . . . Overflow Damage 16 | . . 16 . . Projectiles . | . . . . . Explosions 16 | . . 16 . . Melee . | . . . . . Knockbacks . | . . . . . Impact . | . . . . . Kinetic . | . . . . . Secondary . | . . . . . Self-Inflicted Damage 169 | 34 . 135 . . Shots 4 | 1 . 3 . . Rammed . | . . . . . Targets Rammed . | . . . . . Kicked . | . . . . . Crushed . | . . . . . Highest Temperature 413 | 7 261 413 166 25 Average Temperature 147 | 4 87 187 85 25 Received Heat Transfer 279 | . 54 96 39 90 Effects 4 | . . 4 . . Shutdowns 1 | . . 1 . . Energy Bleed 1 | . . 1 . . Interference 1 | . . 1 . . Damage (minor) 1 | . . 1 . . Siege Activations . | . . . . . Martial Activations . | . . . . . Shielding Activations . | . . . . . Robots Disrupted . | . . . . . Combat Hostiles . | . . . . . Robots Corrupted . | . . . . . Combat Hostiles . | . . . . . Parts Fried . | . . . . . Impact Corruptions . | . . . . . Robots Melted 1 | . . . 1 . Combat Hostiles 1 | . . . 1 . Parts Melted . | . . . . . Heat Transferred 892 | 50 139 555 148 . Parts Sabotaged . | . . . . . Parts Stolen . | . . . . . Parts Stripped . | . . . . . Power Chain Reactions 1 | 1 . . . . Alert | -11 -10 -9 -9 -8 ------- Run | Yrd Mat Mat Min Mat Maximum Alert Level 1 | . . 1 1 . Low Security (%) 76 | 100 100 33 85 100 Level 1 23 | . . 66 14 . Level 2 . | . . . . . Level 3 . | . . . . . Level 4 . | . . . . . Level 5 . | . . . . . High Security . | . . . . . Max Security . | . . . . . Peak Influence 382 | . 47 382 200 84 Initial 112 | . . . 112 62 Average 89 | . 9 206 157 15 Influence Increases 676 | . 64 452 128 32 Destroy 0b10 Robot/C 340 | . 40 200 80 20 Destroy 0b10 Robot/NC 35 | . 10 25 . . Destroy Leader 88 | . 14 54 10 10 Allied During Kill 7 | . . . 5 2 Disable Machine 45 | . . 45 . . Destroy Structure 146 | . . 113 33 . Lose Combat Pursuer 15 | . . 15 . . Influence Decreases 676 | . 64 162 258 192 Entered New Map 276 | . . . 178 98 Time Decay 370 | . 64 162 70 74 Lost Part 10 | . . . 10 . Lost Ally 20 | . . . . 20 Squads Dispatched 2 | . . . 1 1 Investigation . | . . . . . Extermination . | . . . . . Reinforcement 1 | . . . . 1 Assault 1 | . . . 1 . Garrison . | . . . . . Intercept . | . . . . . Searches Triggered . | . . . . . Construction Impeded . | . . . . . Haulers Reinforced . | . . . . . Active Scanning Responses . | . . . . . Cargo Convoy Interrupts . | . . . . . Stealth | -11 -10 -9 -9 -8 --------- Run | Yrd Mat Mat Min Mat Distress Signals 2 | . . 2 . . Communications Jammed . | . . . . . Distress Signals . | . . . . . Times Spotted 29 | . 3 12 4 10 Peak Tracking Total 10 | . 2 4 4 10 Tactical Retreats 1 | . . 1 . . Traps | -11 -10 -9 -9 -8 ------- Run | Yrd Mat Mat Min Mat Traps Triggered . | . . . . . Indirectly . | . . . . . Trap Hack Attempts . | . . . . . Triggered . | . . . . . Disarmed . | . . . . . Reprogrammed . | . . . . . Reused . | . . . . . Traps Extracted . | . . . . . Installed . | . . . . . Triggered . | . . . . . Machines | -11 -10 -9 -9 -8 ---------- Run | Yrd Mat Mat Min Mat Machines Disabled 3 | . . 3 . . Max in Single Turn 2 | . . 2 . . Machines Repaired . | . . . . . Machines Dismantled . | . . . . . Machines Sabotaged . | . . . . . Overloaded Fab Kills . | . . . . . Hacking | -11 -10 -9 -9 -8 --------- Run | Yrd Mat Mat Min Mat Machines Accessed 2 | . . 2 . . Terminals 1 | . . 1 . . Fabricators . | . . . . . Repair Stations . | . . . . . Recycling Units 1 | . . 1 . . Scanalyzers . | . . . . . Garrison Access . | . . . . . Total Hacks 8 | . . 8 . . Successful 5 | . . 5 . . Failed 3 | . . 3 . . Catastrophic . | . . . . . Database Lockouts . | . . . . . Manual 3 | . . 3 . . Terminals 4 | . . 4 . . Fabricators . | . . . . . Repair Stations . | . . . . . Recycling Units 4 | . . 4 . . Scanalyzers . | . . . . . Garrison Access . | . . . . . Terminal Hacks 3 | . . 3 . . Branch Access Points 1 | . . 1 . . Emergency Access Points 1 | . . 1 . . Zone Layout 1 | . . 1 . . Fabricator Hacks . | . . . . . Repair Station Hacks . | . . . . . Recycling Unit Hacks 2 | . . 2 . . Report Inventory 1 | . . 1 . . Retrieve Components 1 | . . 1 . . Scanalyzer . | . . . . . Garrison Access Hacks . | . . . . . Unauthorized Hacks . | . . . . . Terminals . | . . . . . Fabricators . | . . . . . Repair Stations . | . . . . . Recycling Units . | . . . . . Scanalyzers . | . . . . . Garrison Access . | . . . . . Data Cores Recovered . | . . . . . Used . | . . . . . Hacking Detections 1 | . . 1 . . Full Trace Events . | . . . . . Feedback Events . | . . . . . Feedback Blocked . | . . . . . Robot Schematics Acquired . | . . . . . Robots Built . | . . . . . Authchips . | . . . . . Time . | . . . . . Total Robot Build Rating . | . . . . . Part Schematics Acquired . | . . . . . Parts Built . | . . . . . Authchips . | . . . . . Time . | . . . . . Total Part Build Rating . | . . . . . Part Studies Acquired . | . . . . . Parts Repaired . | . . . . . Time . | . . . . . Parts Recycled . | . . . . . Recycled Matter . | . . . . . Retrieved Matter . | . . . . . Retrieved Components 3 | . . 3 . . Parts Scanalyzed . | . . . . . Part Schematics Acquired . | . . . . . Parts Damaged . | . . . . . Bothacking | -11 -10 -9 -9 -8 ------------ Run | Yrd Mat Mat Min Mat Used RIF Installer . | . . . . . Robots Hacked . | . . . . . Non-combat . | . . . . . Combat . | . . . . . Robot Hacks Applied . | . . . . . Relay Couplers Released . | . . . . . Fabnet Peak Effective % . | . . . . . Robots Rewired . | . . . . . Allies Hacked . | . . . . . Hacks Repelled . | . . . . . Allies | -11 -10 -9 -9 -8 -------- Run | Yrd Mat Mat Min Mat Total Allies 1 | . . . 1 . Largest Group 1 | . . . 1 1 Highest-Rated Group 31 | . . . 31 31 Highest-Rated Ally 31 | . . . 31 31 Total Orders . | . . . . . Ally Attacks 13 | . . . 7 6 Total Damage 252 | . . . 126 126 Kills 2 | . . . 1 1 Allies Corrupted . | . . . . . Allies Melted . | . . . . . Intel | -11 -10 -9 -9 -8 ------- Run | Yrd Mat Mat Min Mat Active Infowar (turns) . | . . . . . Robot Analysis Total . | . . . . . Derelict Logs Recovered . | . . . . . Drone Launches . | . . . . . Drone Recoveries . | . . . . . Exploration | -11 -10 -9 -9 -8 ------------- Run | Yrd Mat Mat Min Mat Turns Passed 1423 | 91 339 461 147 385 Spaces Moved 869 | 73 271 354 131 40 Core 11 | 11 . . . . Treads 11 | 11 . . . . Legs . | . . . . . Wheels 847 | 51 271 354 131 40 Hover . | . . . . . Flight . | . . . . . Fastest Speed 50 | 50 100 100 100 100 Average Speed 100 | 104 100 100 100 100 Slowest Speed 160 | 160 100 100 100 100 Overloaded Moves . | . . . . . Propulsion Burnouts . | . . . . . Robots Hopped . | . . . . . Potential Cave-ins . | . . . . . Cave-ins Triggered . | . . . . . Exploration Rate (%) 21 | 3 48 26 28 3 Regions Visited 4 Branch Regions 1 Pre-discovered Areas . | . . . . . Known Exits Taken 1 | . . 1 . . Unknown Exits Taken 3 | 1 1 . 1 . Scrap Searched . | . . . . . Spaces Dug . | . . . . . Terrain Destroyed 162 | . . 122 40 . Melee . | . . . . . Projectile . | . . . . . AOE 162 | . . 122 40 . Terrain Rammed . | . . . . . Walls Destroyed . | . . . . . Machines Disabled . | . . . . . Actions | -11 -10 -9 -9 -8 --------- Run | Yrd Mat Mat Min Mat Total 1336 | 82 312 420 137 385 Wait 404 | . 21 36 2 345 Move 865 | 72 270 353 130 40 Hop . | . . . . . Pick Up . | . . . . . Fast Attach 14 | 7 5 2 . . Attach . | . . . . . Detach . | . . . . . Swap . | . . . . . Drop 7 | 2 3 2 . . Fire 43 | 1 13 24 5 . Melee . | . . . . . Ram . | . . . . . Kick . | . . . . . Crush . | . . . . . Escape Stasis . | . . . . . Rewire . | . . . . . Trap . | . . . . . Miscellaneous 3 | . . 3 . . Route ------- -11/Scrapyard -10/Materials -9/Materials (discovered 3 exits: [*Mat] / *Min x2) -9/Mines -8/Materials History --------- Turn | Location | Event 8 | -11/Scrapyard | Discovered new exit (range 16) 12 | -11/Scrapyard | Upgraded with Propulsion slot (x1) 12 | -11/Scrapyard | Upgraded with Utility slot (x1) 12 | -11/Scrapyard | Upgraded with Weapon slot (x1) 92 | -11/Scrapyard | Entered Materials 286 | -10/Materials | Discovered new exit (range 14) 306 | -10/Materials | Build established: Mutant 431 | -10/Materials | Entered another Materials area 433 | -9/Materials | Reached level 2 645 | -9/Materials | Discovered new exit (range 14) 696 | -9/Materials | Reached level 3 838 | -9/Materials | Discovered new exit (range 9) 868 | -9/Materials | Identified exit to Mines 892 | -9/Materials | Entered Mines 897 | -9/Mines | Met a Derelict testing a Signal Generator 899 | -9/Mines | Received a Rocket Launcher from a helpful Derelict 946 | -9/Mines | Core integrity fell below 50% 966 | -9/Mines | Discovered new exit (range 15) 1039 | -9/Mines | Entered Materials 1039 | -8/Materials | Accompanied by 1 ally 1040 | -8/Materials | Core integrity fell below 50% 1041 | -8/Materials | Reached level 4 1139 | -8/Materials | Build established: Hacker-Mutant 1424 | -8/Materials | Self-destructed Last Messages --------------- 00942_ G-47 Trooper suffers critical hit (Burn). 00944_ G-47 Trooper heat damages Aluminum Leg. 00944_ G-47 Trooper suffers critical hit (Burn). 00944_ G-47 Trooper overheating. 00945_ K-01 Serf collects debris. 00945_ G-47 Trooper critical meltdown. 00948_ K-01 Serf collects debris. 00951_ G-34 Mercenary destroyed. 00953_ K-01 Serf collects debris. 00966_ EXIT=FOUND 00997_ K-01 Serf collects debris. LOCATION=UNKNOWN GOAL=ESCAPE 01041_ Reached level 4. 01250_ O-16 Technician: "IFF HANDSHAKE FAILED. SECURING TERMINAL." [internal `msg] 01253_ ALERT: Hostiles spotted, dispatching reinforcements to Terminal M010. 01420_ Terminal disabled. Map ----- +----------------------------------------------------+ | ???????????????????????????????????????? | | ???????????????????????????????????????? | | ???????????????????????????????????????? | | ???????????????????????????????????????? | | ???????????????????????????????????????? | | ???????????????????????????????????????? | | ???????????????????????????????????????? | | ???????????????????????????????????????? | | ???????????????????????????????????????? | | ???????????????ag ?????????????????????? | | ??????????????? g/????????????????????? | | ??????????????? %#????????????????????? | | ??????????????? #????????????????????? | | ??????????????? #????????????????????? | | ?###########??? g#????????????????????? | | ?# [ #???ggg#????????????????????? | | ?# """ #??# #????????????????????? | | ?# """ #??# g #????????????????????? | | ?# """ !] #??# #????????????????????? | | ?# """ !] #??# #????????????????????? | | ?# ?#??# #????????????????????? | | ?# #??# #????????????????????? | | ?# #?##% ##???????????????????? | | ?#########+### g #???????????????????? | | ??????# g g # """ ????????????? | | ??????# @ g """ ????????????? | | ??????# # """ ????????????? | | ??????######## #???????????????????? | | ?????????????#######???????????????????? | | ???????????????????????????????????????? | | ???????????????????????????????????????? | | ???????????????????????????????????????? | | ???????????????????????????????????????? | | ???????????????????????????????????????? | | ???????????????????????????????????????? | | ???????????????????????????????????????? | | ???????????????????????????????????????? | | ???????????????????????????????????????? | | ???????????????????????????????????????? | | ???????????????????????????????????????? | | ???????????????????????????????????????? | | ???????????????????????????????????????? | | ???????????????????????????????????????? | | ???????????????????????????????????????? | | ???????????????????????????????????????? | | ???????????????????????????????????????? | | ???????????????????????????????????????? | | ???????????????????????????????????????? | | ???????????????????????????????????????? | | ???????????????????????????????????????? | +----------------------------------------------------+ Best States ------------- Heat Dissipation 25 Energy Generation 10 Energy Capacity 250 Matter Stores 300 Matter Capacity 300 Sight Range 17 Robot Scan Range 20 Terrain Scan Density 10 Armor Coverage 300 Evasion (%) 40 Recoil Reduction 2 Offensive Hacking 20 Item Schematics ----------------- None Robot Schematics ------------------ None Fabricated ------------ Nothing Repaired ---------- Nothing Studied --------- None Alien Tech Used ----------------- None Achievements -------------- None Challenges ------------ None RPGLIKE | -11 -10 -9 -9 -8 --------- Run | Yrd Mat Mat Min Mat Levels Raised 3 | . . 2 . 1 XP Earned 8855 | 3000 250 2975 962 1668 XP Spent 5225 | 1500 1450 2275 . . Upgrades 18 | 3 10 5 . . Propulsion Slot 1 | 1 . . . . Utility Slot 1 | 1 . . . . Weapon Slot 1 | 1 . . . . Sight Range 1 | . 1 . . . Sensor Range 10 | . 9 1 . . Hack Attack % 4 | . . 4 . . Protomatter Created 148 | . . 74 74 . Integrity Restored 69 | . . 69 . . Core 69 | . . 69 . . Protomatter Decayed 51 | . . 24 27 . Game ------ Seed LauncherBlastShifter Manual? 0 Play Time 00:12:24 Cumulative 17.5 hours Start 2026.02.24 @ 05:36:28 End 2026.02.24 @ 05:48:32 Sessions 1 Manual Loads 0 Difficulty Rogue Special Mode Winter2019/RPGLIKE Game No. 47 Rogue 38 Adventurer 4 Explorer 5 Win Type - Total 0 Types 0/0/0/0/0/0/0/0/0/0 Lore% 5 Gallery% 24 Achievement% 21 Wizard Run 0 Options --------- Layout 2 ASCII 0 Keyboard 0 Movement Arrows Keybinds 1 Fullscreen 2 Font 32/SmallcapsGlow Map View 50x44 Zoom Use 4% Tactical HUD 1 Map Filters NONE Filters NONE Steam 1 RUN: 62944736-f6d5-4ca8-8a84-fa562b8fcdd6